 Dungeon Sprint DCSS version 0.29.0-10-g45618ea6d2 (webtiles) character file.

Game seed: 15872963964199447726

6808 NinjaNoafa the Messiah (level 11, -3/153 HPs)
             Began as a Hill Orc Monk on Sept 1, 2022.
             Was the Champion of Beogh.
             Shot with an arrow by a deep elf master archer (6 damage)
             ... in the Dungeon (Sprint V: "Ziggurat Sprint").
             The game lasted 00:10:56 (1682 turns).

NinjaNoafa the Messiah (Hill Orc Monk)              Turns: 1682, Time: 00:10:58

Health: -3/153     AC: 35    Str: 26    XL:     11   Next: 5%
Magic:  19/22      EV: 10    Int: 10    God:    Beogh [******]
Gold:   0          SH:  0    Dex: 14    Spells: 16/16 levels left

rFire   + + +      SeeInvis .   K - +6 battleaxe of Amonn {speed, rF- rN+++ Str+7 Dex-4}
rCold   . . .      Faith    .   (shield currently unavailable)
rNeg    + + +      Spirit   .   y - +15 Maxwell's patent armour {-Cast -Tele rElec Will+ rCorr}
rPois   .          Reflect  .   (no helmet)
rElec   +          Harm     .   (no cloak)
rCorr   +          Rampage  .   D - +3 pair of gauntlets of War {Slay+5}
Will    +....      NoTele   +   (no boots)
Stlth   .......... NoCast   +   (no amulet)
HPRegen 0.35/turn               J - ring "Faussem" {Fire Dex+8}
MPRegen 0.18/turn               B - ring of the Fortune-Teller {rElec rF+++ rC+ rN+ Dex-3}

@: berserking (expiring), studying Armour, very quick
A: walk on water
a: Renounce Religion, Smiting, Recall Orcish Followers, Give Item to Named
Follower, Resurrection


You were in the Dungeon.
You worshipped Beogh.
Beogh was exalted by your worship.
You visited 1 branch

Inventory:

Hand Weapons
 K - the +6 battleaxe of Amonn (weapon) {speed, rF- rN+++ Str+7 Dex-4}
   (You found it in the Dungeon)

   Attacks with this weapon are significantly faster.
   Str:       It affects your strength (+7).
   Dex:       It affects your dexterity (-4).
   rF:        It makes you vulnerable to fire.
   rN:        It renders you almost immune to negative energy.
Armour
 y - the +15 Maxwell's patent armour (worn) {-Cast -Tele rElec Will+ rCorr}
   (You found it in the Dungeon)

   rElec:     It insulates you from electricity.
   -Cast:     It prevents spellcasting.
   -Tele:     It prevents most forms of teleportation.
   rCorr:     It protects you from acid and corrosion.
   Will:      It increases your willpower.
 D - the +3 pair of gauntlets of War (worn) {Slay+5}
   (You found it in the Dungeon)

   Slay:      It affects your accuracy & damage with ranged weapons and melee
   (+5).
Jewellery
 B - the ring of the Fortune-Teller (right hand) {rElec rF+++ rC+ rN+ Dex-3}
   (You found it in the Dungeon)

   [ring of positive energy]

   Dex:       It affects your dexterity (-3).
   rF:        It renders you almost immune to fire.
   rC:        It protects you from cold.
   rElec:     It insulates you from electricity.
   rN:        It protects you from negative energy.
 I - a +4 ring of evasion
 J - the ring "Faussem" (left hand) {Fire Dex+8}
   (You found it in the Dungeon)

   [ring of fire]

   It enhances your fire magic.
   Dex:       It affects your dexterity (+8).
   rF:        It protects you from fire.
   rC:        It makes you vulnerable to cold.
Wands
 q - a wand of mindburst (7) (quivered)
 r - a wand of light (5)
Scrolls
 i - 4 scrolls of blinking
 t - 4 scrolls of amnesia
 u - 7 scrolls of butterflies
 v - 5 scrolls of identify
 w - 2 scrolls of fear
 F - 4 scrolls of enchant armour
 G - a scroll of brand weapon
Potions
 c - a potion of ambrosia
 d - 10 potions of curing
 e - 9 potions of heal wounds
 f - 6 potions of haste
 g - 7 potions of magic
 h - 2 potions of berserk rage
 x - 2 potions of brilliance
 z - 2 potions of invisibility
 A - 4 potions of resistance
 C - 5 potions of might
Miscellaneous
 a - a tin of tremorstones (2/2)
 b - a box of beasts
 s - a lightning rod (4/4)
 L - a piece from Xom's chessboard (15/15)


   Skills:
 - Level 11.0 Fighting
 - Level 8.8(13.0) Axes
 - Level 12.8(13.5) Maces & Flails
 - Level 13.0 Armour
 - Level 5.0 Dodging
 - Level 1.5 Stealth
 - Level 3.0 Spellcasting
 + Level 5.3 Conjurations
 + Level 5.5 Fire Magic
 - Level 15.0 Invocations
 - Level 9.9 Evocations


You had 16 spell levels left.
You didn't know any spells.
Your spell library contained the following spells:

 Spells                   Type           Power      Damage    Failure   Level
 Conjure Flame            Conj/Fire      18%        6-21      58%         3
 Sandblast                Erth           2%         2d4       91%         1
 Dazzling Flash           Conj/Hex       12%        N/A       92%         3
 Stone Arrow              Conj/Erth      12%        3d7       92%         3
 Sticky Flame             Conj/Fire      18%        2d4       94%         4
 Passwall                 Tmut/Erth      0%         N/A       97%         2
 Sublimation of Blood     Necr           1%         N/A       97%         2
 Ignite Poison            Fire/Tmut/Pois 7%         N/A       97%         3
 Iskenderun's Mystic Bla  Conj/Tloc      6%         2d4       100%        4
 Petrify                  Tmut/Erth      1%         N/A       100%        4
 Irradiate                Conj/Tmut      3%         3d12      100%        5
 Starburst                Conj/Fire      9%         6d5       100%        6


Dungeon Overview and Level Annotations

Branches:
Dungeon (1/1)

Altars:
Ashenzari
Cheibriados
Dithmenos
Elyvilon
Fedhas
Gozag
Hepliaklqana
Kikubaaqudgha
Makhleb
Nemelex Xobeh
Okawaru
Qazlal
Ru
Sif Muna
Trog
Uskayaw
Vehumet
Wu Jian
Xom
Yredelemnul
Zin
The Shining One
Beogh
Jiyva
Lugonu


Message History

The +1 scimitar of electrocution hits you but does no damage.
You slice something!! You miss the deep elf master archer.
You hit the +1 scimitar of electrocution.
The deep elf master archer shoots an arrow.
The arrow hits you!
* * * LOW HITPOINT WARNING * * *
The +1 scimitar of electrocution hits you!
* * * LOW HITPOINT WARNING * * *
You slice the deep elf master archer!!
The deep elf master archer is moderately wounded.
You miss something.
You slash the +1 scimitar of electrocution!
You hear some strange, mumbled words.
A shard of ice appears from out of thin air!
The shard of ice hits you but does no damage.
The +1 scimitar of electrocution closely misses you.
You are too berserk!
You are too berserk!
You open the deep elf master archer like a pillowcase!!!
The deep elf master archer is almost dead.
You completely miss something. You slash the deep elf master archer!
You closely miss the +1 scimitar of electrocution.
You slice the deep elf high priest!!
The deep elf master archer shoots an arrow.
The arrow hits you!!
* * * LOW HITPOINT WARNING * * *
Something hits you but does no damage.
You miss the deep elf master archer.
The deep elf master archer is severely wounded.
You slash the +1 scimitar of electrocution!
The +1 scimitar of electrocution falls from the air.
Beogh accepts your kill.
You closely miss the deep elf high priest.
You barely miss something. You slash the deep elf master archer!
The deep elf high priest hits you but does no damage.
The deep elf annihilator gestures wildly while chanting.
The deep elf annihilator blinks!
The deep elf master archer shoots an arrow.
The arrow hits you.
You die...

▓..§})))..▓..}|.|}..▓
▓..|e|[)..▓...||[[..▓
▓.........▓...÷))...▓
▓.........▓..)))))).▓
▓.........▓.........▓
▓.........▓.........▓
▓....§....▓.........▓
▓...ee)e..▓....©....▓
▓....e@{..▓▓▓▓▓▓▓▓▓▓▓
▓▓▓▓▓▓▓▓▓▓▓


You could see 2 deep elf master archers, a deep elf annihilator (empowered), a
deep elf high priest (brilliance aura) and a deep elf zephyrmancer (empowered).

Vanquished Creatures
  4 dancing weapons (D)
  3 deep elf knights (D)
  A deep elf pyromancer (D)
  A deep elf zephyrmancer (D)
  An orange demon (D)
  A rime drake (D)
  A hellwing (D)
  4 merfolk (D)
  A wind drake (D)
  2 wyverns (D)
  An air elemental (D)
  A ynoxinul (D)
  3 steam dragons (D)
  4 water moccasins (D)
  A swamp drake (D)
  3 centaurs (D)
  A small abomination (D)
  A necrophage (D)
  A wight (D)
  A quasit (D)
  An iron imp (D)
  An orc wizard (D)
  An adder (D)
  A shadow imp (D)
  A white imp (D)
  An ufetubus (D)
  An adder skeleton (D)
  An adder zombie (D)
  An adder simulacrum (D)
  An orc (D)
  3 bat skeletons (D)
  2 bat zombies (D)
  3 ball python zombies (D)
  2 giant cockroach simulacra (D)
56 creatures vanquished.

Vanquished Creatures (collateral kills)
  A merfolk (D)
1 creature vanquished.

Grand Total: 57 creatures vanquished

Notes
Turn   | Place    | Note
-------+----------+-------------------------------------------
     0 | D        | NinjaNoafa the Hill Orc Monk began the quest for the Orb.
     0 | D        | Reached XP level 1. HP: 19/19 MP: 1/1
     0 | D        | Found a shimmering blue altar of Sif Muna.
     0 | D        | Found a bloodstained altar of Trog.
     0 | D        | Found a sacrificial altar of Ru.
     0 | D        | Found a stormy altar of Qazlal.
     0 | D        | Found an iron altar of Okawaru.
     2 | D        | Found a sparkling altar of Nemelex Xobeh.
     2 | D        | Found the +6 Majin-Bo {vamp, MP+6 Int+6}
     2 | D        | Found the +9 heavy crossbow "Sniper" {vorpal, Acc+∞ SInv}
     2 | D        | Found the +10 dark maul {vorpal}
     2 | D        | Found the +15 Maxwell's patent armour {-Cast -Tele rElec
                  | Will+ rCorr}
     2 | D        | Found the +18 shield of the Gong {rElec rN+ Will+ EV-5}
     2 | D        | Found the +14 obsidian axe {vorpal, Mesm Drain Fly SInv}
     2 | D        | Found the +7 great mace "Firestarter" {inner flame, rF++}
     2 | D        | Found the +6 shillelagh "Devastator" {shatter}
     2 | D        | Found the +11 plutonium sword {Contam Stlth-}
     2 | D        | Found the +8 lance "Wyrmbane" {slay drac, rPois rF+ rC+
                  | AC+3}
     2 | D        | Found the +9 sword of Zonguldrok {reap}
     2 | D        | Found the +13 scythe of Curses {drain, Drain}
     2 | D        | Found the +5 sword of Power {vorpal}
     2 | D        | Found the +7 mace of Variability {chain chaos}
     2 | D        | Found the +7 Singing Sword {vorpal, sonic wave}
     2 | D        | Found the +8 storm bow {elec, penet}
     3 | D        | Found an ancient bone altar of Kikubaaqudgha.
     3 | D        | Found a transporter.
     3 | D        | Found a corrupted altar of Lugonu.
     3 | D        | Found a viscous altar of Jiyva.
     3 | D        | Found a burning altar of Makhleb.
     3 | D        | Found a hazy altar of Hepliaklqana.
     3 | D        | Found an opulent altar of Gozag.
    11 | D        | Became a worshipper of Makhleb the Destroyer
    11 | D        | Reached * piety under Makhleb
    11 | D        | Reached ** piety under Makhleb
    35 | D        | Found a blossoming altar of Fedhas.
   136 | D        | Entered arena 2.
   136 | D        | Found the +3 pair of gauntlets of War {Slay+5}
   136 | D        | Found a transporter.
   143 | D        | Reached skill level 1 in Invocations
   161 | D        | Entered arena 3.
   161 | D        | Noticed a small abomination
   161 | D        | Noticed an iron imp
   161 | D        | Found a transporter.
   164 | D        | Reached skill level 1 in Maces & Flails
   164 | D        | Reached skill level 1 in Armour
   164 | D        | Reached skill level 1 in Evocations
   164 | D        | Reached XP level 2. HP: 27/27 MP: 1/3
   168 | D        | Killed a small abomination
   168 | D        | Reached *** piety under Makhleb
   169 | D        | Reached skill level 5 in Fighting
   169 | D        | Reached skill level 4 in Invocations
   169 | D        | Reached XP level 3. HP: 23/37 MP: 1/6
   169 | D        | Reached XP level 4. HP: 27/44 MP: 1/7
   172 | D        | Reached skill level 5 in Invocations
   180 | D        | Entered arena 4.
   180 | D        | Found a transporter.
   187 | D        | Reached **** piety under Makhleb
   188 | D        | Reached XP level 5. HP: 29/50 MP: 3/8
   246 | D        | Reached skill level 8 in Invocations
   246 | D        | Reached XP level 6. HP: 49/62 MP: 9/12
   248 | D        | Entered arena 5.
   248 | D        | Found a transporter.
   256 | D        | Reached ***** piety under Makhleb
   264 | D        | Got the ring of the Fortune-Teller {rElec rF+++ rC+ rN+
                  | Dex-3}
   269 | D        | Entered arena 6.
   269 | D        | Noticed a water moccasin
   269 | D        | Noticed a water moccasin
   269 | D        | Noticed a water moccasin
   269 | D        | Noticed a water moccasin
   269 | D        | Found a transporter.
   275 | D        | Killed a water moccasin
   279 | D        | Killed a water moccasin
   280 | D        | Reached skill level 9 in Invocations
   280 | D        | Reached XP level 7. HP: 66/70 MP: 13/13
   297 | D        | Entered arena 7.
   297 | D        | Found the +10 tower shield of Ignorance {rN+ Int-4}
   298 | D        | Found a transporter.
   303 | D        | Reached skill level 10 in Invocations
   308 | D        | Fell from the grace of Makhleb
   308 | D        | Became a worshipper of Beogh the Brigand
   534 | D        | Entered arena 8.
   534 | D        | Noticed a deep elf pyromancer
   534 | D        | Noticed a +1 vampiric war axe
   534 | D        | Noticed a deep elf knight
   534 | D        | Noticed a deep elf knight
   534 | D        | Noticed an air elemental
   534 | D        | Noticed a deep elf knight
   534 | D        | Paralysed by an air elemental for 1 turns
   535 | D        | Found a transporter.
   538 | D        | Killed an air elemental
   538 | D        | Killed a deep elf knight
   538 | D        | Killed a deep elf pyromancer
   538 | D        | Reached * piety under Beogh
   538 | D        | Killed a deep elf knight
   539 | D        | Reached skill level 10 in Maces & Flails
   539 | D        | Reached skill level 14 in Invocations
   539 | D        | Reached XP level 8. HP: 54/82 MP: 14/18
   539 | D        | Reached XP level 9. HP: 59/89 MP: 14/19
   539 | D        | Killed a deep elf knight
   540 | D        | Reached skill level 15 in Invocations
   555 | D        | Killed a +1 vampiric war axe
   555 | D        | Reached ** piety under Beogh
   556 | D        | Reached XP level 10. HP: 12/95 MP: 17/21
  1196 | D        | Entered arena 9.
  1197 | D        | Found a transporter.
  1200 | D        | Reached *** piety under Beogh
  1202 | D        | Reached skill level 5 in Dodging
  1220 | D        | Got the ring "Faussem" {Fire Dex+8}
  1277 | D        | Entered arena 10.
  1278 | D        | Found a transporter.
  1280 | D        | Reached **** piety under Beogh
  1287 | D        | Reached ***** piety under Beogh
  1288 | D        | Reached skill level 1 in Conjurations
  1288 | D        | Reached skill level 1 in Fire Magic
  1300 | D        | Got the +6 battleaxe of Amonn {speed, rF- rN+++ Str+7
                  | Dex-4}
  1340 | D        | Entered arena 11.
  1341 | D        | Found a transporter.
  1352 | D        | Reached skill level 1 in Spellcasting
  1352 | D        | Reached ****** piety under Beogh
  1353 | D        | Reached skill level 5 in Axes
  1622 | D        | Noticed an orange demon
  1626 | D        | Killed an orange demon
  1667 | D        | Entered arena 12.
  1667 | D        | Noticed a +2 short sword of protection
  1667 | D        | Noticed a +4 long sword of electrocution
  1667 | D        | Noticed a deep elf zephyrmancer
  1667 | D        | Noticed a +1 scimitar of electrocution
  1667 | D        | Noticed a deep elf master archer
  1667 | D        | Noticed a deep elf knight
  1668 | D        | Noticed a deep elf master archer
  1668 | D        | Noticed a deep elf high priest
  1668 | D        | Noticed a deep elf zephyrmancer
  1669 | D        | Noticed a deep elf annihilator
  1672 | D        | Killed a +2 short sword of protection
  1677 | D        | Killed a deep elf zephyrmancer
  1677 | D        | Killed a +4 long sword of electrocution
  1678 | D        | Reached skill level 5 in Conjurations
  1678 | D        | Reached skill level 5 in Fire Magic
  1678 | D        | Reached XP level 11. HP: 52/102 MP: 19/22
  1681 | D        | HP: 3/153 [deep elf master archer/arrow (23)]
  1682 | D        | Killed a +1 scimitar of electrocution
  1682 | D        | Shot with an arrow by a deep elf master archer

Illustrated notes

Levels and vault maps discovered:
D:        sprint_v [room_start, room_1, room_2, room_3, room_4, room_5, room_6,
          room_7, room_8, room_9, room_10, room_11, room_12, room_13, room_14,
          room_15, room_16, room_17, room_18, room_19, room_20, room_21,
          room_22, room_23, room_24, room_25, room_26, room_27]

Skill      XL: |  1  2  3  4  5  6  7  8  9 10 |
---------------+-------------------------------+-----
Invocations    | 1 4 5 8 9 14 15 | 15.0
Fighting       | 4 5 6 8 9 11 | 11.0
Maces & Flails | 1 3 4 6 7 10 12 | 12.8
Armour         | 1 3 4 6 7 11 13 | 13.0
Evocations     | 1 3 6 7 9 |  9.9
Dodging        | 5 |  5.0
Conjurations   | 5 |  5.3
Fire Magic     | 5 |  5.5
Spellcasting   | 3 |  3.0
Axes           | 8 |  8.8
Stealth        | |  1.5

Action                   |  1- 3 |  4- 6 |  7- 9 | 10-12 || total
-------------------------+-------+-------+-------+-------++-------
Melee: Great mace        |    11 |    24 |    19 |    15 ||    69
       Battleaxe         |       |       |       |    26 ||    26
Invok: Minor Destruction |       |       |     2 |       ||     2
       Lesser Servant of |       |       |     1 |       ||     1
       Major Destruction |       |       |     1 |       ||     1
       Convert to Beogh  |       |       |     1 |       ||     1
       Smiting           |       |       |       |     1 ||     1
       Recall Orcish Fol |       |       |       |     1 ||     1
Evoke: Tin of tremorston |       |       |     1 |     3 ||     4
       Box of beasts     |       |       |     1 |     1 ||     2
       Lightning rod     |       |       |     4 |       ||     4
       Wand              |       |       |     1 |     1 ||     2
       Piece from Xom's  |       |       |       |     2 ||     2
  Use: Potion            |       |     1 |     1 |     1 ||     3
 Stab: Paralysed         |       |       |       |     2 ||     2
Armor: Plate armour      |    14 |    81 |    34 |   108 ||   237
Dodge: Dodged            |     5 |    34 |     9 |    71 ||   119
